 Dungeon Crawl Stone Soup version 0.17.1-3-g152610e (webtiles) character file.

434 Mechanique the Magician (level 6, -6/41 HPs)
             Began as a Mummy Wizard on Mar 17, 2016.
             Killed from afar by an orc wizard (7 damage)
             ... with a magic dart
             ... on level 5 of the Dungeon.
             The game lasted 00:21:04 (5666 turns).

Mechanique the Magician (Mummy Wizard)              Turns: 5666, Time: 00:21:04

Health: -6/41      AC:  7    Str: 11    XL:     6   Next: 67%
Magic:  11/14      EV: 11    Int: 23    God:
Gold:   284        SH:  0    Dex: 11    Spells: 6 memorised, 3 levels left

rFire  x . .     SeeInvis +     d - +0 short sword (venom)
rCold  + . .     Clarity  .     x - +3 leather armour "Tuoriz" {*Drain *Confuse MR+ SInv}
rNeg   + + +     SustAt   .     (no shield)
rPois  ∞         Gourm    .     b - +0 hat
rElec  .         Spirit   .     (no cloak)
rCorr  .         Warding  .     (no gloves)
rMut   .         Stasis   .     u - +0 pair of boots
MR     +....                    (no amulet)
Stlth  +.........               i - ring of wizardry
                                g - +5 ring of intelligence

@: somewhat resistant to hostile enchantments, very unstealthy
A: no food or potions, fire vulnerability, cold resistance 1, negative energy
resistance 3, torment resistance, unbreathing
a: no special abilities


You were on level 5 of the Dungeon.
You were not hungry.

You visited 1 branch of the dungeon, and saw 5 of its levels.

You collected 284 gold pieces.

Inventory:

Hand Weapons
 d - a +0 short sword of venom (weapon)
 f - a +3 vampiric hand axe
 j - a +0 dagger of freezing
 p - a +0 blowgun
Missiles
 h - 7 javelins (quivered)
 q - 15 poisoned needles
Armour
 a - a +0 robe
 b - a +0 hat (worn)
 u - a +0 pair of boots (worn)
 w - a +0 buckler
 x - the +3 leather armour "Tuoriz" (worn) {*Drain *Confuse MR+ SInv}
   (You found it on level 5 of the Dungeon)

   It affects your resistance to hostile enchantments.
   It lets you see invisible.
   It causes draining when unequipped.
   It may confuse you when you take damage.
Jewellery
 g - a +5 ring of intelligence (left hand)
 i - a ring of wizardry (right hand)
 l - a +6 ring of dexterity
Scrolls
 e - a scroll of teleportation
 k - 3 scrolls of remove curse
 m - 3 scrolls of magic mapping {unknown}
 n - 2 scrolls of identify
 o - 3 scrolls of enchant armour {unknown}
 r - a scroll of fog {unknown}
 s - a scroll of amnesia
 t - a scroll of blinking {unknown}
Books
 c - a book of Minor Magic

   Spells                             Type                      Level
   a - Magic Dart                     Conjuration                  1
   b - Blink                          Translocation                2
   c - Call Imp                       Summoning                    2
   d - Repel Missiles                 Charms/Air                   2
   e - Slow                           Hexes                        2
   f - Conjure Flame                  Conjuration/Fire             3
   g - Mephitic Cloud                 Conjuration/Poison/Air       3


   Skills:
 - Level 1.5 Dodging
 - Level 1.5 Stealth
 + Level 0.0 Shields
 + Level 5.5 Spellcasting
 + Level 3.9 Conjurations
 - Level 0.7 Summonings
 - Level 0.7 Translocations


You had 3 spell levels left.
You knew the following spells:

 Your Spells              Type           Power        Failure   Level  Hunger
a - Magic Dart            Conj           ###.         1%          1    N/A
b - Blink                 Tloc           N/A          6%          2    N/A
c - Repel Missiles        Chrm/Air       #.....       9%          2    N/A
d - Mephitic Cloud        Conj/Pois/Air  ##......     9%          3    N/A
e - Call Imp              Summ           #.......     6%          2    N/A
f - Conjure Flame         Conj/Fire      ###.....     7%          3    N/A

Dungeon Overview and Level Annotations

Branches:
Dungeon (5/15)
 Temple: D:4-7

Altars:


Innate Abilities, Weirdness & Mutations

You do not eat or drink.
Your flesh is vulnerable to fire.
You are immune to poison.
Your flesh is cold resistant.
You are immune to negative energy.
You are immune to unholy pain and torment.
You can survive without breathing.


Message History

The orc barely misses you.
The orc wizard hits you but does no damage.
The giant frog skeleton hits you but does no damage.
You closely miss the orc wizard. The orc wizard closely misses you.
The giant frog skeleton barely misses you.
The orc wizard hits you but does no damage.
You hit the orc wizard.
The orc wizard is poisoned.
The orc wizard is moderately wounded.
The giant frog skeleton hits you.
* * * LOW HITPOINT WARNING * * *
The orc wizard hits you with a dagger.
* * * LOW HITPOINT WARNING * * *
The orc wizard hits you but does no damage.
The giant frog skeleton hits you but does no damage.
You hit the orc wizard.
The orc wizard looks even sicker.
The orc wizard is moderately wounded.
The orc wizard barely misses you.
The orc wizard points at you and mumbles some strange words.
The magic dart hits you!
You die...

############
...........# .
...........#
+............<# o
#....##.......#
..##....##....o..#
...........oo@.[.#
..o........oZ....#
........###'######
#o...##..oo...#
.##....##..o....#
...[..........o..#
.................#
........##.......#
........##########


You could see 2 orc wizards, 2 orcs and a giant frog skeleton.

Vanquished Creatures
  Grinder (D:2)
  A scorpion (D:4)
  An iguana (D:4)
  2 worker ants
  7 adders
  3 worms (D:2)
  5 orcs
  8 giant cockroaches
  9 hobgoblins
  6 jackals
  8 kobolds
  A quokka (D:4)
  10 bats
  3 giant geckos
  8 giant newts
  10 goblins
  A quokka skeleton (D:4)
  9 rats
  A fungus (D:1)
94 creatures vanquished.

Notes
Turn   | Place    | Note
--------------------------------------------------------------
     0 | D:1      | Mechanique the Mummy Wizard began the quest for the Orb.
     0 | D:1      | Reached XP level 1. HP: 13/13 MP: 4/4
    90 | D:1      | Reached skill level 1 in Conjurations
   530 | D:1      | Reached XP level 2. HP: 16/19 MP: 4/6
  1146 | D:2      | Learned a level 2 spell: Blink
  1149 | D:2      | Learned a level 2 spell: Repel Missiles
  1584 | D:2      | Reached XP level 3. HP: 17/24 MP: 2/8
  2035 | D:2      | Reached skill level 4 in Spellcasting
  2158 | D:2      | Reached XP level 4. HP: 30/30 MP: 5/10
  2377 | D:3      | Noticed Grinder
  2788 | D:3      | Paralysed by Grinder for 6 turns
  3039 | D:3      | Learned a level 3 spell: Mephitic Cloud
  3250 | D:2      | HP: 1/30 [Grinder (1)]
  3547 | D:2      | Learned a level 2 spell: Call Imp
  3548 | D:2      | Paralysed by Grinder for 7 turns
  3593 | D:2      | Killed Grinder
  3593 | D:2      | Reached XP level 5. HP: 16/35 MP: 3/12
  3844 | D:2      | Learned a level 3 spell: Conjure Flame
  3904 | D:3      | Reached skill level 5 in Spellcasting
  4187 | D:3      | Reached XP level 6. HP: 28/41 MP: 9/13
  5600 | D:5      | Entered Level 5 of the Dungeon
  5605 | D:5      | Got a jewelled leather armour
  5616 | D:5      | Identified the +3 leather armour "Tuoriz" {*Drain *Confuse MR+ SInv} (You found it on level 5 of the Dungeon)
  5665 | D:5      | HP: 2/41 [giant frog skeleton (3)]
  5666 | D:5      | Killed from afar by an orc wizard

Action                   |  1- 3 |  4- 6 || total
-------------------------+-------+-------++-------
Melee: Dagger            |    58 |       ||    58
       Short sword       |    12 |    68 ||    80
       Hand axe          |       |     9 ||     9
Throw: Javelin           |     1 |       ||     1
 Cast: Magic Dart        |    84 |   145 ||   229
       Call Imp          |       |     7 ||     7
       Mephitic Cloud    |       |     2 ||     2
       Blink             |       |     1 ||     1
  Use: Scroll            |     2 |     3 ||     5
 Stab: Sleeping          |     1 |     2 ||     3
